 Dungeon Crawl Stone Soup version 0.31.0-11-ge490571c62 (webtiles) character file.

Game seed: 1573350324690253138

158 qw the Skirmisher (level 5, -1/29 HPs)
             Began as a Deep Elf Hunter on Feb 4, 2024.
             Killed from afar by Ijyb (4 damage)
             ... with a puff of flame
             ... on level 4 of the Dungeon.
             The game lasted 00:00:09 (1826 turns).

qw the Skirmisher (Deep Elf Hunter)                 Turns: 1826, Time: 00:00:10

Health: -1/29      AC:  8    Str: 10    XL:     5   Next: 16%
Magic:  7/7        EV: 11    Int: 14    God:
Gold:   117        SH:  0    Dex: 18    Spells: 4/4 levels left

rFire   . . .        a - +0 shortbow
rCold   . . .        (shield currently unavailable)
rNeg    . . .        h - +0 ring mail
rPois   .            (no helmet)
rElec   .            (no cloak)
rCorr   .            c - +0 pair of gloves
SInv    .            f - +1 pair of boots
Will    .....        l - amulet of faith
Stlth   +            (no ring)
HPRegen 0.24/turn    (no ring)
MPRegen 0.10/turn

%: faith
@: about to teleport
A: no striking features
a: no special abilities


You were on level 4 of the Dungeon.
You visited 1 branch of the dungeon, and saw 4 of its levels.

You collected 117 gold pieces.


   Skills:
 - Level 1.5 Fighting
 + Level 8.6 Ranged Weapons
 - Level 2.4 Dodging
 - Level 1.2 Stealth


You had 4 spell levels left.
You didn't know any spells.
Your spell library was empty.

Inventory:

Hand Weapons
 a - a +0 shortbow (weapon)
Armour
 c - a +0 pair of gloves (worn)
 f - a +1 pair of boots (worn)
 h - a +0 ring mail (worn)
Jewellery
 l - an amulet of faith (around neck)
Potions
 b - a potion of haste
 j - a potion of invisibility {unknown}
 k - a potion of curing
 m - a potion of attraction {unknown}
 o - a potion of magic {unknown}

Dungeon Overview and Level Annotations

Branches:
Dungeon (4/15)
 Temple: D:4-7

Altars:
Fedhas
Zin

Annotations:
D:4 Ijyb, Robin, Sigmund


Message History

You shoot an arrow. The arrow hits the endoplasm.
The endoplasm is almost dead.
You shoot an arrow. The arrow hits the endoplasm!
You kill the endoplasm!
You shoot an arrow. The arrow hits Ijyb.
Ijyb is lightly wounded.
You shoot an arrow. The arrow closely misses Ijyb.
Ijyb zaps a wand.
The puff of flame hits you!
Ijyb screams, "Me very upset!"
You shoot an arrow. The arrow hits Ijyb.
Ijyb is lightly wounded.
You shoot an arrow. The arrow hits Ijyb but does no damage.
Ijyb is lightly wounded.
You shoot an arrow. The arrow hits Ijyb but does no damage.
Ijyb is lightly wounded.
Ijyb closely misses you.
You shoot an arrow. The arrow hits Ijyb.
Ijyb is moderately wounded.
Ijyb misses you.
You shoot an arrow. The arrow hits Ijyb but does no damage.
Ijyb is moderately wounded.
Ijyb hits you but does no damage.
You writhe in agony.
You shoot an arrow. The arrow hits Ijyb but does no damage.
Ijyb is moderately wounded.
Ijyb barely misses you.
You shoot an arrow. The arrow closely misses Ijyb.
Ijyb hits you with a +2 dagger of pain.
You shoot an arrow. The arrow closely misses Ijyb.
Ijyb zaps a wand.
The puff of flame hits you.
Ijyb zaps a wand.
The puff of flame hits you but does no damage.
1824 ||| READING scroll of teleportation.
As you read the scroll of teleportation, it crumbles to dust.
You feel strangely unstable. Ijyb hits you with a +2 dagger of pain.
You shoot an arrow. The arrow closely misses Ijyb.
Ijyb hits you but does no damage.
You writhe in agony.
You shoot an arrow. The arrow hits Ijyb.
Ijyb is moderately wounded.
Ijyb zaps a wand.
The puff of flame hits you.
You die...

#...~~~#
#...~#~#
#..~~~~#
#...~#~#
#...~#~#
#....# ~
#....# #
#.#.####..#.
#...@g......
#######.....
#.. . ###.
## #...
...#..#
......
~..####..
.........


You could see Ijyb.

Vanquished Creatures
  7 adders
  A river rat (D:4)
  3 dart slugs
  A ribbon worm (D:4)
  9 ball pythons
  8 bats
  6 endoplasms
  2 giant cockroaches
  10 goblins
  8 hobgoblins
  9 kobolds
  5 quokkas
  3 frilled lizards (D:2)
  3 rats
75 creatures vanquished.

Notes
Turn   | Place    | Note
-------+----------+-------------------------------------------
     0 | D:1      | qw the Deep Elf Hunter began the quest for the Orb.
     0 | D:1      | Reached XP level 1. HP: 12/12 MP: 3/3
     0 | D:1      | 0 ||| qw: Version: 0.3-a-160-g6735b56
     0 | D:1      | 0 ||| qw: Game counter: 4917
     0 | D:1      | 0 ||| qw: Melee chars always use a shield: true
     0 | D:1      | 0 ||| qw: God list: Okawaru
     0 | D:1      | 0 ||| qw: Allow faded altars: false
     0 | D:1      | 0 ||| qw: Do Orc after clearing Dungeon:15 true
     0 | D:1      | 0 ||| qw: Do second Lair branch before Depths: true
     0 | D:1      | 0 ||| qw: Lair rune preference: random
     0 | D:1      | 0 ||| qw: Goals: Normal
     0 | D:1      | 0 ||| PLANNING D:1-11
   181 | D:1      | Reached skill level 6 in Ranged Weapons
   181 | D:1      | Reached XP level 2. HP: 16/16 MP: 4/4
   722 | D:1      | 722 ||| UPGRADING to +0 pair of boots.
   727 | D:1      | 727 ||| UPGRADING to +0 scale mail.
   737 | D:1      | 737 ||| DROPPING +0 leather armour.
   738 | D:1      | 738 ||| UPGRADING to amulet of faith.
   743 | D:1      | 743 ||| READING scroll labelled PUMPENW ZYTO.
   743 | D:1      | 743 ||| ENCHANTING +0 pair of boots.
   744 | D:1      | 744 ||| READING scroll labelled PYRHYGR ROEMIE.
   747 | D:1      | 747 ||| READING scroll labelled ORYOLU ATWAU.
   747 | D:1      | 747 ||| IDENTIFYING inky potion
   748 | D:1      | 748 ||| READING scroll labelled KIELUD XIZXO.
   749 | D:1      | 749 ||| DROPPING scroll of butterflies.
   750 | D:1      | 750 ||| DROPPING potion of degeneration.
   775 | D:2      | 775 ||| STAIRDANCE
   788 | D:1      | Reached XP level 3. HP: 18/20 MP: 5/5
   829 | D:2      | Reached skill level 7 in Ranged Weapons
  1091 | D:2      | Reached XP level 4. HP: 25/25 MP: 6/6
  1210 | D:2      | 1210 ||| UPGRADING to +0 pair of gloves.
  1215 | D:2      | 1215 ||| UPGRADING to +0 ring mail.
  1225 | D:2      | 1225 ||| DROPPING +0 scale mail.
  1226 | D:2      | 1226 ||| READING scroll of identify.
  1226 | D:2      | 1226 ||| IDENTIFYING red potion
  1227 | D:2      | 1227 ||| READING scroll labelled DENWAM UKUIR.
  1228 | D:2      | 1228 ||| DRINKING 2 glowing purple potions.
  1277 | D:3      | Found a faded altar of an unknown god.
  1482 | D:3      | Reached skill level 8 in Ranged Weapons
  1558 | D:3      | Found a glowing silver altar of Zin.
  1654 | D:3      | 1654 ||| READING scroll of identify.
  1654 | D:3      | 1654 ||| IDENTIFYING viscous coppery potion
  1655 | D:3      | 1655 ||| READING scroll labelled OGHARO QIRUTIA.
  1668 | D:4      | Found a blossoming altar of Fedhas.
  1669 | D:4      | 1669 ||| PLANNING SEWER
  1696 | D:4      | Noticed Robin
  1698 | D:4      | Reached XP level 5. HP: 22/29 MP: 7/7
  1708 | D:4      | Noticed Sigmund
  1709 | D:4      | HP: 7/29 [goblin/+0 dagger[Robin] (2)]
  1710 | D:4      | 1710 ||| READING 2 scrolls of teleportation.
  1710 | D:4      | HP: 3/29 [hobgoblin[Robin] (4)]
  1711 | D:4      | 1711 ||| DRINKING potion of heal wounds.
  1810 | D:4      | Noticed Ijyb
  1823 | D:4      | HP: 7/29 [Ijyb/puff of flame (4)]
  1824 | D:4      | 1824 ||| READING scroll of teleportation.
  1824 | D:4      | HP: 3/29 [Ijyb/+2 dagger of pain (4)]
  1826 | D:4      | Killed from afar by Ijyb

Levels and vault maps discovered:
D:1:      lightli_arrival_statuegarden, layout_loops_ring,
          minmay_misc_feat_pillars
D:2:      layout_rooms
D:3:      layout_rooms, mainiacjoe_overflow_chevrons,
          shapermc_ecumenical_altar_venn
D:4:      layout_cave_pools, mainiacjoe_overflow_boulevard,
          lightli_sewer_entry_pipes, nrook_mini_backslash, uniq_sigmund,
          uniq_ijyb, uniq_natasha, uniq_robin

Skill      XL: |  1  2  3  4 |
---------------+-------------+-----
Ranged Weapons | 6 7 8 |  8.6
Fighting       | |  1.5
Dodging        | |  2.4
Stealth        | |  1.2

Action                     |  1- 3 |  4- 6 || total
---------------------------+-------+-------++-------
   Fire: Shortbow          |   128 |   132 ||   260
    Use: Scroll            |     4 |     6 ||    10
         Potion            |       |     2 ||     2
 Armour: Leather armour    |    19 |       ||    19
         Scale mail        |    35 |     8 ||    43
         Ring mail         |       |    69 ||    69
  Dodge: Dodged            |    48 |    52 ||   100

Table legend:
 A = Non-vault XP
 B = Vault XP
 C = Vault XP percentage of total XP
 D = Non-vault monster count
 E = Vault monster count
 F = Vault count percentage of total count
                 A         B        C        D         E       F
            +---------+---------+-------+---------+---------+-------
      Total |     197 |      29 |  12.8 |      67 |       8 |  10.7
            +---------+---------+-------+---------+---------+-------
        D:1 |      43 |       0 |   0.0 |      25 |       0 |   0.0
        D:2 |      76 |       0 |   0.0 |      23 |       0 |   0.0
        D:3 |      57 |       0 |   0.0 |      13 |       0 |   0.0
        D:4 |      21 |      29 |  58.0 |       6 |       8 |  57.1
            +---------+---------+-------+---------+---------+-------
